Map: Ephemeron LE

Players

SKillous

  • Race: Protoss Protoss
  • League: Grandmaster
  • Spawn Location: 11:00

HeroMarine - Winner!

  • Race: Terran Terran
  • Spawn Location: 5:00

VOD

Have the link to the VOD?

Description

Time

  • Played on: Jan. 14, 2020, 12:13 p.m.
  • Length: 9:41
Show
View Real Time Build Order
Export as new Build Order

SKillous Protoss 

Build Orders: 1 Gate Expand, Blink Stalkers 

Get SALT Encoding   

  12  0:01  Probe  
  13  0:13  Probe  
  14  0:18  Pylon  
  14  0:25  Probe  
  15  0:36  Gateway  
  15  0:38  Probe (Chrono Boost)  
  16  0:47  Probe (Chrono Boost)  
  16  0:48  Assimilator  
  17  0:52  Probe (Chrono Boost)  
  18  1:04  Probe  
  19  1:16  Probe  
  20  1:24  Cybernetics Core  
  20  1:34  Nexus  
  20  1:37  Probe  
  21  1:44  Pylon  
  21  1:48  Assimilator  
  21  1:51  Probe  
  22  1:59  Adept (Chrono Boost)  
  22  2:01  Warp Gate  
  22  2:07  Probe  
  25  2:19  Probe (Chrono Boost)  
  26  2:25  Twilight Council  
  26  2:28  Probe (Chrono Boost)  
  27  2:33  Probe (Chrono Boost), Stalker  
  30  2:46  Probe (Chrono Boost)  
  30  2:51  Probe (Chrono Boost)  
  32  2:55  Probe (Chrono Boost)  
  34  2:59  Probe (Chrono Boost), Blink (Chrono Boost)  
  34  3:00  Probe (Chrono Boost)  
  35  3:09  Probe (Chrono Boost)  
  39  3:16  Gateway  
  39  3:18  Probe (Chrono Boost), Gateway  
  38  3:21  Probe (Chrono Boost)  
  38  3:22  Stalker  
  38  3:26  Probe x2 (Chrono Boost)  
  41  3:31  Pylon  
  42  3:36  Probe  
  42  3:37  Probe  
  42  3:39  Robotics Facility  
  42  3:49  Probe x2  
  44  4:01  Probe  
  44  4:03  Sentry  
  44  4:06  Probe, Assimilator  
  47  4:12  Nexus  
  47  4:13  Probe  
  47  4:16  Stalker  
  50  4:17  Pylon  
  50  4:18  Probe  
  50  4:20  Stalker  
  53  4:25  Pylon  
  53  4:27  Probe  
  54  4:35  Probe, Observer  
  56  4:39  Probe, Stalker x2  
  61  4:46  Pylon  
  61  4:49  Probe (Chrono Boost)  
  61  4:51  Probe (Chrono Boost)  
  60  4:59  Charge (Chrono Boost)  
  61  5:00  Observer  
  61  5:03  Probe (Chrono Boost)  
  61  5:05  Probe (Chrono Boost)  
  61  5:06  Gateway  
  63  5:08  Gateway  
  63  5:10  Gateway  
  63  5:12  Probe  
  64  5:17  Gateway  
  64  5:22  Gateway  
  64  5:24  Probe (Chrono Boost)  
  64  5:26  Probe (Chrono Boost)  
  67  5:28  Probe (Chrono Boost)  
  67  5:34  Warp Prism  
  69  5:38  Probe (Chrono Boost)  
  69  5:40  Probe (Chrono Boost)  
  69  5:42  Probe  
  71  5:46  Sentry x2  
  71  5:47  Sentry  
  71  5:48  Probe  
  79  5:50  Pylon  
  79  5:51  Probe  
  79  5:54  Probe  
  81  6:03  Pylon  
  81  6:04  Pylon  
  81  6:05  Zealot x3  
  87  6:12  Stalker  
  87  6:13  Stalker x2  
  87  6:17  Pylon  
  93  6:20  Stalker x2  
  97  6:31  Zealot x3  
  103  6:45  Pylon  
  103  7:00  Stalker x8  
  119  7:04  Gateway  
  119  7:05  Gateway  
  119  7:07  Forge  
  119  7:19  Zealot  
  119  7:20  Zealot  
  97  7:28  Zealot x6  
  105  7:35  Observer  
  83  7:52  Sentry x2, Zealot x5  
  83  7:53  Zealot  
  83  7:56  Observer  
  100  8:00  Dark Shrine  
  99  8:10  Sentry, Zealot x2  
  99  8:11  Zealot  
  99  8:12  Probe  
  108  8:13  Zealot x6  
  108  8:16  Pylon  
  108  8:18  Pylon  
  120  8:29  Zealot x2  
  120  8:31  Pylon  
  120  8:33  Pylon  
  124  8:34  Zealot x6  
  124  8:35  Zealot x2  
  124  8:38  Probe x3  
  128  8:50  Probe  
  93  9:03  Zealot x7  
  89  9:13  Zealot x3  
  70  9:26  Stalker x3  
  70  9:27  Probe  
  70  9:29  Probe  
Show
View Real Time Build Order
Export as new Build Order

HeroMarine Terran - Winner!

Build Orders: Reaper Expand 

Get SALT Encoding   

  12  0:00  SCV  
  13  0:13  SCV  
  14  0:17  Supply Depot  
  14  0:25  SCV  
  15  0:38  SCV  
  15  0:40  Barracks  
  16  0:44  Refinery  
  16  0:50  SCV  
  17  1:02  SCV  
  18  1:15  SCV  
  19  1:27  Orbital Command, Reaper  
  20  1:42  Command Center  
  20  1:51  Supply Depot  
  20  1:53  SCV  
  21  1:59  Marine  
  22  2:05  SCV  
  23  2:10  Factory  
  23  2:17  SCV  
  23  2:19  Bunker  
  23  2:22  Barracks Reactor  
  24  2:29  SCV, Refinery  
  25  2:41  SCV  
  26  2:53  SCV  
  26  2:55  Orbital Command  
  26  2:58  Marine x2, Starport  
  27  3:02  Widow Mine  
  31  3:05  SCV  
  32  3:16  Marine x2  
  32  3:17  SCV  
  35  3:20  SCV  
  35  3:23  Widow Mine  
  35  3:26  Supply Depot  
  38  3:30  SCV  
  38  3:32  SCV  
  40  3:34  Marine x2  
  40  3:39  Medivac  
  44  3:42  SCV  
  44  3:44  SCV  
  46  3:49  Supply Depot  
  46  3:50  Widow Mine  
  46  3:52  Marine x2  
  46  3:54  SCV  
  51  3:56  SCV  
  52  4:06  SCV  
  52  4:09  SCV, Barracks, Starport Tech Lab  
  54  4:11  Marine x2  
  54  4:16  Supply Depot  
  56  4:18  SCV  
  56  4:19  Engineering Bay  
  56  4:21  SCV  
  58  4:28  Raven, Refinery  
  58  4:29  Marine x2  
  62  4:35  Barracks  
  62  4:38  SCV x2  
  64  4:39  Supply Depot  
  64  4:50  Marine x2, SCV x2  
  64  4:53  Factory Tech Lab  
  64  4:56  Terran Infantry Weapons Level 1  
  60  5:02  SCV x2  
  60  5:05  Supply Depot  
  62  5:08  Marine x2  
  64  5:14  SCV x2, Stimpack  
  64  5:15  Marauder  
  68  5:22  Factory Reactor, Starport Reactor  
  68  5:26  Marine x2, Refinery  
  68  5:27  Supply Depot  
  70  5:29  Combat Shield  
  70  5:30  Marauder  
  70  5:32  Supply Depot  
  72  5:36  Marauder  
  72  5:39  SCV x2  
  73  5:44  Marine x2  
  75  5:51  SCV x2, Marauder  
  79  5:58  Marauder  
  79  6:00  Medivac x2  
  79  6:02  Marine x2  
  79  6:03  Widow Mine  
  88  6:04  Widow Mine  
  88  6:06  Supply Depot  
  90  6:12  Marauder  
  92  6:19  Marauder  
  92  6:20  Marine x2  
  92  6:24  Widow Mine  
  98  6:26  Widow Mine  
  98  6:27  Command Center  
  98  6:30  Supply Depot  
  100  6:34  Medivac, Marauder  
  100  6:35  Medivac  
  100  6:38  Marine x2  
  106  6:40  SCV x2  
  106  6:41  Marauder  
  110  6:55  Marine x2, Widow Mine x2, Marauder  
  110  7:01  Terran Infantry Armor Level 1  
  118  7:03  Supply Depot, Marauder  
  118  7:04  Medivac  
  119  7:17  Widow Mine x2, Marauder  
  107  7:23  Medivac  
  107  7:26  Marauder  
  107  7:27  Marine x2  
  104  7:32  SCV x2  
  104  7:33  Barracks  
  104  7:34  Barracks  
  104  7:38  Marauder  
  97  7:44  SCV x2  
  97  7:45  Marine x2  
  97  7:47  Widow Mine, Marauder  
  97  7:51  Medivac  
  103  7:52  Widow Mine  
  105  7:59  Marauder  
  105  8:00  Concussive Shells  
  105  8:02  Marine  
  105  8:03  Marine  
  109  8:06  Viking  
  109  8:07  SCV x2  
  109  8:09  Marauder  
  109  8:10  Widow Mine  
  117  8:13  Widow Mine  
  117  8:19  SCV x2  
  121  8:20  Marine x2  
  121  8:21  Marauder  
  121  8:24  Barracks Reactor, Barracks Tech Lab  
  125  8:29  Viking  
  125  8:30  Marauder  
  125  8:31  SCV  
  125  8:32  SCV  
  131  8:42  Marauder  
  131  8:44  Marine x2  
  131  8:45  Marauder  
  131  8:47  Orbital Command  
  138  8:48  SCV x2  
  138  8:52  Marauder  
  138  8:53  Missile Turret  
  138  8:54  Missile Turret  
  138  8:55  Missile Turret  
  141  9:00  SCV  
  125  9:03  SCV  
  125  9:05  Medivac x2, Widow Mine x2  
  121  9:10  Marauder, Orbital Command  
  121  9:11  Marauder  
  121  9:12  SCV  
  121  9:13  Marauder  
  124  9:20  Marine x2  
  124  9:22  Marine x2  
Tags
 
Add a new tag
Caveats
  • Supply blocks, unpowered buildings, or Contaminate may cause inaccurate times.
  • Supply counts are checked every 10 seconds.